 Dungeon Crawl Stone Soup version 0.22-a0-417-g1387785 (webtiles) character file.

2253 Amnesiac the Transmogrifier (level 9, -4/40 HPs)
             Began as a Spriggan Transmuter on May 14, 2018.
             Was a Follower of Vehumet.
             Slain by a wyvern (10 damage)
             ... on level 8 of the Dungeon.
             The game lasted 00:24:38 (10209 turns).

Amnesiac the Transmogrifier (Spriggan Transmuter)  Turns: 10209, Time: 00:24:39

Health: -4/40      AC:  4    Str:  6    XL:     9   Next: 15%
Magic:  19/24      EV: 18    Int: 17    God:    Vehumet [*.....]
Gold:   151        SH:  0    Dex: 17    Spells: 12/28 levels left

rFire    . . .     SeeInvis +   a - +4 flail "Otuno" {freeze, rElec}
rCold    . . .     Gourm    .   (shield restricted)
rNeg     + . .     Faith    +   F - +0 robe
rPois    .         Spirit   .   (helmet restricted)
rElec    +         Reflect  .   A - +1 cloak {+Inv}
rCorr    .         Harm     .   (gloves unavailable)
MR       +....                  (boots unavailable)
Stlth    +++.......             r - amulet of faith
HPRegen  0.13/turn              p - ring of positive energy
MPRegen  0.19/turn              B - ring of stealth

@: very quick
A: very small, unfitting armour, see invisible, herbivore, speed 3, slow
metabolism 2
a: Renounce Religion, Evoke Invisibility


You were on level 8 of the Dungeon.
You worshipped Vehumet.
Vehumet was aware of your devotion.
You were not hungry.

You visited 2 branches of the dungeon, and saw 9 of its levels.

You collected 319 gold pieces.
You spent 168 gold pieces at shops.

Inventory:

Hand Weapons
 a - the +4 flail "Otuno" (weapon) {freeze, rElec}
   (You took it off an orc priest on level 4 of the Dungeon)

   It has been specially enchanted to freeze those struck by it, causing extra
   injury to most foes and up to half again as much damage against particularly
   susceptible opponents.
   It can also slow down cold-blooded creatures.
   It insulates you from electricity.
 f - a +0 hunting sling
 x - the +3 hand axe of the Nexus {flame, rN+ Stlth+}
   (You found it on level 7 of the Dungeon)

   It has been specially enchanted to burn those struck by it, causing extra
   injury to most foes and up to half again as much damage against particularly
   susceptible opponents.
   Big, fiery blades are also staple armaments of hydra-hunters.
   It protects you from negative energy.
   It makes you more stealthy.
Missiles
 g - 111 stones
 v - 46 arrows (quivered)
 D - 24 sling bullets
Armour
 A - a +1 cloak of invisibility (worn)
 F - a +0 robe (worn)
Magical Staves
 b - an uncursed staff of conjuration
Jewellery
 p - a ring of positive energy (left hand)
 r - an amulet of faith (around neck)
 B - a ring of stealth (right hand)
 C - an uncursed ring of fire
Wands
 z - a wand of flame (20)
Scrolls
 c - a scroll of magic mapping {!r, unknown}
 e - 6 scrolls of identify {!r}
 h - 2 scrolls of amnesia {!r, unknown}
 i - 5 scrolls of teleportation {!r}
 l - 3 scrolls of remove curse {!r}
 q - a scroll of torment {!r, unknown}
 s - a scroll of fear {!r, unknown}
 t - 2 scrolls of fog {!r, unknown}
 u - a scroll of enchant weapon {!r, unknown}
 y - a scroll of vulnerability {!r, unknown}
Potions
 j - 5 potions of heal wounds {!q}
 k - 2 potions of might {!q, unknown}
 m - a potion of flight {!q, unknown}
 n - 4 potions of degeneration {!q, unknown}
 o - 2 potions of brilliance {!q, unknown}
 w - 2 potions of magic {!q}
 E - a potion of haste {!q, unknown}
Comestibles
 d - 9 rations


   Skills:
 - Level 0.7 Fighting
 - Level 3.0 Dodging
 - Level 2.4 Unarmed Combat
 + Level 10.4 Spellcasting
 + Level 11.5 Transmutations


You had 12 spell levels left.
You knew the following spells:

 Your Spells              Type           Power        Failure   Level  Hunger
a - Beastly Appendage     Tmut           #####.       1%          1    None
b - Sticks to Snakes      Tmut           #####...     1%          2    None
c - Ice Form              Ice/Tmut       ####....     8%          4    ###....
d - Ozocubu's Armour      Chrm/Ice       #.......     24%         3    None
e - Spectral Weapon       Hex/Chrm       #.......     24%         3    None
r - Regeneration          Chrm/Necr      #.........   24%         3    None

Your spell library contained the following spells:

 Spells                   Type           Power        Failure   Level  Hunger
 Throw Frost              Conj/Ice       #.....       12%         2    None
 Freeze                   Ice            #...         9%          1    None
 Summon Ice Beast         Ice/Summ       #.......     63%         4    ###....
 Spider Form              Tmut/Pois      ####......   2%          3    None
 Blade Hands              Tmut           #####.....   1%          5    #####..
 Throw Icicle             Conj/Ice       #.......     63%         4    ###....
 Shroud of Golubria       Chrm/Tloc      #.........   12%         2    None
 Infusion                 Chrm           #...         9%          1    None
 Song of Slaying          Chrm           #.......     12%         2    None


Dungeon Overview and Level Annotations

Branches:
Dungeon (8/15)             Temple (1/1) D:7
   Lair: D:8-11

Altars:
Ashenzari
Cheibriados
Dithmenos
Elyvilon
Gozag
Makhleb
Nemelex Xobeh
Okawaru
Qazlal
Ru
Sif Muna
Trog
Uskayaw
Vehumet
Wu Jian
Xom
Zin

Shops:
D:4 (=*=   D:8 [


Innate Abilities, Weirdness & Mutations

You are very small and have problems with some larger weapons.
You are too small for most types of armour.
You have supernaturally acute eyesight. (SInv)
You are a herbivore.
You cover ground extremely quickly.
You need to consume almost no food.


Message History

g - Guard the area. f - Follow me.
Anything else - Cancel.
Okay, then.
Casting: Sticks to Snakes (safe; 1% risk of failure)
Confirm with . or Enter, or press ? or * to list all spells.
You create 3 snakes!
You now have 51 arrows.
The ice beast hits your adder. The ice beast freezes your adder!
Your adder seems to slow down.
Your adder dies!
You closely miss the ice beast.
The ice beast is lightly wounded.
The ice beast completely misses you.
You hit the ice beast but do no damage.
The ice beast is lightly wounded.
The ice beast barely misses you. The ice beast closely misses you.
You hit the ice beast.
The ice beast is severely wounded.
The ice beast misses your ball python.
You hit the ice beast.
You kill the ice beast!
Vehumet accepts your kill.
You feel your power returning.
You swap places.
You start resting.
Your ball python withers and dies!
Your water moccasin withers and dies!
Magic restored.
You start resting.
Your adder withers and dies!
Your ball python withers and dies!
Magic restored.
You start resting.
A howler monkey comes into view.
Casting: Sticks to Snakes (safe; 1% risk of failure)
Confirm with . or Enter, or press ? or * to list all spells.
You create a snake!
You now have 50 arrows.
The howler monkey howls!
A wyvern comes into view.
The howler monkey hoots and howls with incredible vigour!
Something shouts, "Fly, thou venomed full-gorged reprobate!"
You hear a croak.
You hear an angry hiss.
You hear a shout! x2
You hit the howler monkey. You freeze the howler monkey.
The howler monkey is moderately wounded.
The howler monkey completely misses you.
The howler monkey hoots and howls with incredible vigour!
You hear a loud, deep croak!
You hear a shout! x2
The howler monkey hits your adder.
The howler monkey is poisoned.
Your adder poisons the howler monkey!
The howler monkey barely misses your adder.
A centaur comes into view.
Casting: Sticks to Snakes (safe; 1% risk of failure)
Confirm with . or Enter, or press ? or * to list all spells.
You create 3 snakes!
You now have 47 arrows.
The centaur wields a shortbow.
The centaur shoots an arrow.
The arrow misses your adder. The arrow misses you.
The howler monkey hits your adder!
Your adder dies!
The wyvern bites you.
Casting: Sticks to Snakes (safe; 1% risk of failure)
Confirm with . or Enter, or press ? or * to list all spells.
You create a snake!
You now have 46 arrows.
The centaur shoots an arrow.
The arrow misses your adder. The arrow hits you!
* * * LOW HITPOINT WARNING * * *
The wyvern bites you!
You die...

............###
..............#
..............#
..............#
.........h# ..
#........# .....
#........# .....
#.......l#####c...
#...###.S@S.......
#... #().S....####
... #..S.........
.. #....†.......
#.<..........
#............
.........∩......
............####
#......########


You could see a wyvern, a centaur, a howler monkey, 3 friendly adders and a
friendly ball python.

Vanquished Creatures
  A hippogriff (D:7)
  2 ice beasts
  A phantom (D:6)
  A centaur (D:6)
  2 scorpions (D:7)
  A killer bee (D:6)
  A howler monkey (D:7)
  A crimson imp (D:5)
  A centaur skeleton (D:6)
  2 hounds
  A jelly (D:6)
  An orc wizard (D:7)
  An iguana (D:5)
  3 worker ants
  A howler monkey zombie (D:6)
  7 adders
  A shadow imp (D:5)
  2 adder skeletons
  4 dart slugs
  4 leopard geckos
  15 orcs
  7 bats
  2 giant cockroaches
  13 goblins
  4 hobgoblins
  4 jackals (D:2)
  5 kobolds
  4 quokkas
  A ball python (D:2)
  6 frilled lizards
  A quokka zombie (D:5)
  7 rats
107 creatures vanquished.

Vanquished Creatures (collateral kills)
  A two-headed ogre (D:8)
  An ice beast (D:7)
  A sky beast (D:8)
  A necrophage (D:7)
  2 centaurs (D:7)
  2 ogres
  A bullfrog (D:7)
  A big kobold (D:7)
  A gnoll sergeant (D:7)
  A scorpion (D:5)
  3 killer bees (D:6)
  3 howler monkeys
  A hound (D:3)
  2 orc priests
  Crazy Yiuf (D:7)
  An orc wizard (D:3)
  A worker ant (D:8)
  2 killer bee zombies
  5 gnolls (D:7)
  3 adders
  2 shadow imps (D:7)
  2 orcs (D:3)
  A quokka (D:7)
  A bat (D:3)
40 creatures vanquished.

Grand Total: 147 creatures vanquished

Notes
Turn   | Place    | Note
-------+----------+-------------------------------------------
     0 | D:1      | Amnesiac the Spriggan Transmuter began the quest for the Orb.
     0 | D:1      | Reached XP level 1. HP: 9/9 MP: 5/5
   228 | D:1      | Reached skill level 3 in Transmutations
   683 | D:1      | Reached XP level 2. HP: 14/14 MP: 5/7
   687 | D:1      | Learned a level 2 spell: Sticks to Snakes
  1228 | D:2      | Reached XP level 3. HP: 17/17 MP: 9/9
  1240 | D:2      | Reached skill level 4 in Transmutations
  1791 | D:2      | Found a snail-covered altar of Cheibriados.
  1923 | D:3      | Reached XP level 4. HP: 12/21 MP: 7/11
  2618 | D:3      | Reached skill level 5 in Transmutations
  3189 | D:3      | Reached skill level 5 in Spellcasting
  3189 | D:3      | Reached XP level 5. HP: 25/25 MP: 4/13
  3859 | D:4      | Found Lanutz's Antique Weapon Emporium.
  3910 | D:4      | Found a shadowy altar of Dithmenos.
  4006 | D:4      | Found Essul's Assorted Antiques.
  4017 | D:4      | Bought a purple potion for 26 gold pieces
  4017 | D:4      | Bought a white potion for 26 gold pieces
  4017 | D:4      | Bought a scroll labeled WIOSOSHRU YSIY for 29 gold pieces
  4017 | D:4      | Bought a scroll labeled WIOSOSHRU YSIY for 29 gold pieces
  4019 | D:4      | Found Deisuv's Jewellery Emporium.
  4102 | D:4      | Found Tumyquah's Jewellery Emporium.
  4704 | D:4      | Reached skill level 6 in Transmutations
  4706 | D:4      | Got a faintly glowing flail {freeze}
  4709 | D:4      | Identified the +4 flail "Otuno" {freeze, rElec} (You took it off an orc priest on level 4 of the Dungeon)
  4911 | D:4      | Reached XP level 6. HP: 21/29 MP: 12/15
  5293 | D:5      | Entered Level 5 of the Dungeon
  5406 | D:5      | Noticed an ice beast
  5420 | D:5      | Learned a level 4 spell: Ice Form
  5433 | D:5      | Killed an ice beast
  5657 | D:5      | Reached skill level 7 in Transmutations
  5715 | D:4      | Bought a scroll labeled ZEIHOP IRUDIMN for 29 gold pieces
  5715 | D:4      | Bought a scroll labeled WIOSOSHRU YSIY for 29 gold pieces
  6192 | D:5      | Reached XP level 7. HP: 11/32 MP: 15/18
  6836 | D:6      | Learned a level 3 spell: Ozocubu's Armour
  7343 | D:6      | Learned a level 3 spell: Regeneration
  7347 | D:6      | Learned a level 3 spell: Spectral Weapon
  7353 | D:6      | Reached skill level 8 in Transmutations
  7884 | D:7      | Found a radiant altar of Vehumet.
  8162 | D:7      | Got a warped hand axe
  8377 | D:7      | Reached XP level 8. HP: 13/37 MP: 14/22
  8543 | D:7      | Became a worshipper of Vehumet
  8842 | D:7      | Found a runed door.
  8846 | D:7      | Noticed Crazy Yiuf
  8858 | D:7      | Killed Crazy Yiuf
  8987 | D:7      | Reached skill level 9 in Transmutations
  9193 | D:7      | Reached skill level 10 in Transmutations
  9359 | D:7      | Noticed a hippogriff
  9400 | D:7      | Killed a hippogriff
  9438 | D:7      | Reached * piety under Vehumet
  9438 | D:7      | Offered knowledge of Sandblast by Vehumet.
  9531 | D:7      | Found a staircase to the Ecumenical Temple.
  9537 | Temple   | Entered the Ecumenical Temple
  9798 | D:7      | Found a shattered altar of Ashenzari.
 10028 | D:7      | Identified the cursed +3 hand axe of the Nexus {flame, rN+ Stlth+} (You found it on level 7 of the Dungeon)
 10089 | D:8      | Found Kicworr's Armour Shoppe.
 10098 | D:8      | Reached skill level 11 in Transmutations
 10104 | D:8      | Noticed a two-headed ogre
 10107 | D:8      | Reached skill level 10 in Spellcasting
 10123 | D:8      | Killed a two-headed ogre
 10123 | D:8      | Reached XP level 9. HP: 18/40 MP: 14/24
 10209 | D:8      | Slain by a wyvern

Vault maps used:
D:1:      dpeg_cavernosity, kennysheep_boxes
D:2:      kennysheep_slug_shrine
D:3:      first_ration
D:4:      nicolae_dithmenos_shadow_blocks, serial_shops,
          nicolae_shop_waterfront, shop_fountains, shop, kennysheep_little_box,
          minivault_19
D:5:      kennysheep_small_square
D:6:      cheibrodos_quashed, kennysheep_cross_room, kennysheep_small_spiral
D:7:      kennysheep_spiral_hall, minmay_temple_entry_hall, basic_altar,
          minmay_misc_feat_x, hangedman_decor_points, vehumet_altar_wand_db,
          uniq_crazy_yiuf_cottage
D:8:      yredelemnul_forgotten_temple_becter, kiku_gazebo_pond_becter,
          serial_shops, nicolae_shop_statue_plus, shop
Temple:   minmay_freezing_vapour_temple

Skill      XL: |  1  2  3  4  5  6  7  8 |
---------------+-------------------------+-----
Transmutations | 3 4 5 6 7 8 11 | 11.5
Spellcasting   | 3 4 5 6 9 10 | 10.4
Fighting       | |  0.7
Dodging        | |  3.0
Unarmed Combat | |  2.4

Action                   |  1- 3 |  4- 6 |  7- 9 || total
-------------------------+-------+-------+-------++-------
Melee: Unarmed           |    37 |    15 |     8 ||    60
       Headbutt          |     2 |       |       ||     2
       Kick              |     1 |       |       ||     1
       Flail             |       |    35 |   168 ||   203
       Punch             |       |       |     1 ||     1
 Fire: Hunting sling     |   132 |   194 |       ||   326
 Cast: Beastly Appendage |     6 |       |       ||     6
       Sticks to Snakes  |     4 |    31 |    50 ||    85
       Ice Form          |       |     2 |     1 ||     3
       Ozocubu's Armour  |       |       |     1 ||     1
  Use: Potion            |       |     2 |     1 ||     3
       Scroll            |       |       |     3 ||     3
 Stab: Sleeping          |     3 |       |     1 ||     4
       Distracted        |       |     1 |     4 ||     5
  Eat: Ration            |       |     2 |     3 ||     5
Armor: Robe              |    11 |    15 |    17 ||    43
       Skin              |       |     2 |     4 ||     6
Dodge: Dodged            |    90 |   146 |   199 ||   435

Table legend:
 A = Spawn XP
 B = Non-spawn XP
 C = Spawn XP percentage of total XP
 D = Spawn monster count
 E = Non-spawn monster count
 F = Spawn count percentage of total count
 G = Total turns spent on level
                    A         B        C        D         E        F      G
               +---------+---------+-------+---------+---------+-------+---------
         Total |       0 |    3219 |   0.0 |       0 |     147 |   0.0 | 10209
               +---------+---------+-------+---------+---------+-------+---------
           D:1 |       0 |      40 |   0.0 |       0 |      21 |   0.0 |  1221
           D:2 |       0 |      54 |   0.0 |       0 |      18 |   0.0 |   834
           D:3 |       0 |     145 |   0.0 |       0 |      32 |   0.0 |  1687
           D:4 |       0 |     205 |   0.0 |       0 |       9 |   0.0 |  1706
           D:5 |       0 |     429 |   0.0 |       0 |      11 |   0.0 |  1349
           D:6 |       0 |     533 |   0.0 |       0 |      17 |   0.0 |  1463
           D:7 |       0 |    1177 |   0.0 |       0 |      33 |   0.0 |  1827
           D:8 |       0 |     636 |   0.0 |       0 |       6 |   0.0 |   120
               +---------+---------+-------+---------+---------+-------+---------
